 Dungeon Crawl Stone Soup version 0.30-a0-135-g630cfc4551 (webtiles) character file.

Game seed: 10873333211429943482

5065 bande the Cleaver (level 10, -4/86 HPs)
             Began as a Hill Orc Fighter on Sept 21, 2022.
             Was a Believer of Beogh.
             Slain by a komodo dragon (17 damage)
             ... on level 9 of the Dungeon.
             The game lasted 00:19:39 (12426 turns).

bande the Cleaver (Hill Orc Fighter)               Turns: 12426, Time: 00:19:39

Health: -4/86      AC: 12    Str: 20    XL:     10   Next: 56%
Magic:  15/15      EV:  7    Int:  8    God:    Beogh [**....]
Gold:   1246       SH:  5    Dex: 14    Spells: 9/9 levels left

rFire   . . .      SeeInvis .    g - +3 broad axe (vorpal)
rCold   . . .      Faith    .    c - +0 buckler
rNeg    + . .      Spirit   .    m - +0 chain mail
rPois   .          Reflect  .    (no helmet)
rElec   .          Harm     .    k - +0 cloak
rCorr   .          Rampage  .    (no gloves)
Will    .....                    (no boots)
Stlth   ..........               (no amulet)
HPRegen 0.24/turn                p - ring of positive energy
MPRegen 0.14/turn                (no ring)

@: no status effects
A: no striking features
a: Renounce Religion, Smiting


You were on level 9 of the Dungeon.
You worshipped Beogh.
Beogh was pleased with you.
You visited 1 branch of the dungeon, and saw 9 of its levels.

You collected 1922 gold pieces.
You spent 676 gold pieces at shops.

Inventory:

Hand Weapons
 a - a +1 war axe
 g - a +3 vorpal broad axe (weapon)
 y - a +4 morningstar
 D - a +0 broad axe
Armour
 c - a +0 buckler (worn)
 k - a +0 cloak (worn)
 m - a +0 chain mail (worn)
Jewellery
 l - an amulet of magic regeneration
 p - a ring of positive energy (left hand)
 w - a ring of flight
Wands
 n - a wand of digging (7)
 u - a wand of flame (42)
Scrolls
 i - 5 scrolls of teleportation
 r - a scroll of fear
 s - 3 scrolls of fog
 B - a scroll of summoning
Potions
 b - 2 potions of flight
 d - 3 potions of might
 e - 8 potions of heal wounds
 f - 3 potions of brilliance
 h - 2 potions of haste
 j - 3 potions of ambrosia
 o - a potion of resistance {unknown}
 t - 4 potions of curing
 v - 4 potions of lignification {unknown}
 z - 2 potions of magic {unknown}
 A - a potion of invisibility {unknown}
 C - a potion of cancellation {unknown}


   Skills:
 + Level 7.3 Fighting
 + Level 11.8 Axes
 + Level 8.5 Armour
 + Level 5.2 Shields
 * Level 7.3 Invocations
 * Level 5.2 Evocations


You had 9 spell levels left.
You didn't know any spells.
Your spell library contained the following spells:

 Spells                   Type           Power      Damage    Failure   Level
 Apportation              Tloc           0%         N/A       99%         1
 Foxfire                  Conj/Fire      0%         2x1d4     99%         1
 Freeze                   Ice            0%         1d3       99%         1
 Necrotise                Necr           0%         1d4       99%         1
 Summon Small Mammal      Summ           0%         N/A       99%         1
 Blink                    Tloc           0%         N/A       100%        2
 Frozen Ramparts          Ice            0%         1d1       100%        3
 Inner Flame              Hex/Fire       0%         N/A       100%        3
 Kindle Blastsparks       Fire/Tloc/Air  0%         2d10      100%        3
 Lesser Beckoning         Tloc           0%         N/A       100%        3
 Ozocubu's Armour         Ice            0%         N/A       100%        3
 Flame Wave               Conj/Fire      0%         2d4       100%        4
 Hailstorm                Conj/Ice       0%         3d3       100%        4
 Manifold Assault         Tloc           0%         N/A       100%        4
 Metabolic Englaciation   Hex/Ice        0%         N/A       100%        5
 Simulacrum               Ice/Necr       0%         N/A       100%        6


Dungeon Overview and Level Annotations

Branches:
Dungeon (9/15)             Temple (0/1) D:4             Orc (0/2) D:9
   Lair: D:8-11

Altars:
Ashenzari
Elyvilon
Gozag
Okawaru
Sif Muna
Wu Jian
Yredelemnul

Shops:
D:2 [   D:8 ?


Message History

The howler monkey hits you but does no damage.
You barely miss the howler monkey. The howler monkey barely misses you.
The howler monkey hits you but does no damage.
You slice the howler monkey!!
You kill the howler monkey!
Beogh accepts your kill.
No target in view!
No target in view!
No target in view!
No target in view!
No target in view!
No target in view!
A komodo dragon comes into view.
A komodo dragon is nearby!
The komodo dragon hisses menacingly.
You slice the komodo dragon!!
The komodo dragon is heavily wounded.
The komodo dragon bites you!
You barely miss the komodo dragon.
The komodo dragon is heavily wounded.
The komodo dragon bites you!!
You are too injured to fight recklessly!
You are too injured to fight recklessly!
You are too injured to fight recklessly!
You are too injured to fight recklessly!
You are too injured to fight recklessly!
You are too injured to fight recklessly!
You are too injured to fight recklessly!
You are too injured to fight recklessly!
You are too injured to fight recklessly!
You are too injured to fight recklessly!
Unknown command.
You barely miss the komodo dragon.
The komodo dragon is heavily wounded.
The komodo dragon bites you!
* * * LOW HITPOINT WARNING * * *
You slash the komodo dragon!
The komodo dragon is severely wounded.
The komodo dragon bites you!
You die...

####### .....
#...# ... ####
#...# ... ...#
#...# ....
#.###...# .....
#....$..###.....
#...l@...†......
#..>............
###...............
#........##'###...
##+##........# ...
.. #...#........#
...# .
+...#........#
...#
#...'........#
.###
#...########## .#


You could see a komodo dragon.

Vanquished Creatures
  Pikel (D:9)
  A kobold demonologist (D:9)
  A troll (D:8)
  A polar bear (D:9)
  Grinder (D:3)
  A wyvern (D:8)
  A shadow (D:9)
  A yak (D:8)
  An acid dragon (D:9)
  A water moccasin (D:7)
  An orc warrior (D:8)
  3 ice beasts
  3 ogres
  A kobold brigand (D:7)
  2 bullfrogs
  4 necrophages
  2 scorpions
  10 wights
  5 killer bees (D:9)
  12 howler monkeys
  2 jellies (D:6)
  3 hounds
  3 orc priests
  2 gnoll boudas
  5 orc wizards
  4 gnolls
  12 adders
  A shadow imp (D:6)
  2 ufetubi
  A dart slug (D:2)
  24 orcs
  6 bats
  7 endoplasms
  6 giant cockroaches
  9 goblins
  4 hobgoblins
  14 jackals
  10 kobolds
  2 quokkas
  8 ball pythons
  2 frilled lizards
  6 rats
186 creatures vanquished.

Vanquished Creatures (others)
  An endoplasm (D:3)
  A frilled lizard (D:3)
  5 toadstools (D:4)
7 creatures vanquished.

Grand Total: 193 creatures vanquished

Notes
Turn   | Place    | Note
-------+----------+-------------------------------------------
     0 | D:1      | bande the Hill Orc Fighter began the quest for the Orb.
     0 | D:1      | Reached XP level 1. HP: 19/19 MP: 1/1
   347 | D:1      | Found a faded altar of an unknown god.
   397 | D:1      | Reached XP level 2. HP: 27/27 MP: 2/2
   815 | D:1      | Reached skill level 3 in Axes
   819 | D:1      | Reached XP level 3. HP: 30/33 MP: 3/3
  1633 | D:2      | Found Ceq Rydodgh's Antique Armour Boutique.
  1931 | D:2      | Reached XP level 4. HP: 40/40 MP: 4/4
  1994 | D:2      | Reached skill level 4 in Axes
  2237 | D:3      | Identified the +4 ring mail of Beogh's Benevolence {rN+
                  | Will- Int+3}
  2299 | D:3      | Became a worshipper of Beogh the Brigand
  2435 | D:3      | Noticed Grinder
  2450 | D:3      | Paralysed by Grinder for 4 turns
  2469 | D:3      | Killed Grinder
  2470 | D:3      | Reached skill level 6 in Axes
  2470 | D:3      | Reached XP level 5. HP: 33/47 MP: 5/5
  2470 | D:3      | Reached XP level 6. HP: 39/55 MP: 6/6
  3341 | D:4      | Identified the +4 short sword of Dithmenos's Hope {vorpal,
                  | Int+3}
  3407 | D:4      | Found a staircase to the Ecumenical Temple.
  3527 | D:4      | Reached skill level 1 in Invocations
  3589 | D:4      | Reached skill level 5 in Fighting
  3921 | D:4      | Found an opulent altar of Gozag.
  3927 | D:4      | Reached * piety under Beogh
  3928 | D:4      | Reached XP level 7. HP: 26/61 MP: 6/8
  4271 | D:5      | Entered Level 5 of the Dungeon
  4416 | D:5      | Found a basalt altar of Yredelemnul.
  4423 | D:5      | Identified a scroll of acquirement
  4423 | D:5      | Acquired 1318 gold pieces
  4456 | D:5      | Reached skill level 7 in Axes
  4456 | D:5      | Reached skill level 5 in Armour
  4456 | D:5      | Reached skill level 1 in Evocations
  5214 | D:6      | Reached XP level 8. HP: 41/69 MP: 8/10
  5218 | D:6      | Reached skill level 8 in Axes
  7097 | D:6      | Found an ornate altar of the Wu Jian Council.
  7124 | D:6      | Reached skill level 9 in Axes
  7510 | D:6      | Reached XP level 9. HP: 68/75 MP: 12/12
  7561 | D:6      | Reached ** piety under Beogh
  7633 | D:6      | Found a white marble altar of Elyvilon.
  7916 | D:7      | Found an iron altar of Okawaru.
  7934 | D:7      | Found a shimmering blue altar of Sif Muna.
  8112 | D:7      | Reached skill level 5 in Invocations
  8723 | D:8      | Reached skill level 10 in Axes
  9327 | D:8      | Found a broken altar of Ashenzari.
  9427 | D:8      | Found Herphax's Magic Scroll Emporium.
  9435 | D:8      | Bought a scroll of acquirement for 676 gold pieces
  9725 | D:8      | Acquired a +3 vorpal broad axe
  9763 | D:9      | Noticed a kobold demonologist
 10026 | D:9      | Noticed a soul eater
 10032 | D:9      | Killed a kobold demonologist
 10190 | D:9      | Noticed a troll
 10215 | D:8      | Killed a troll
 10216 | D:8      | Reached skill level 5 in Shields
 10560 | D:8      | Reached XP level 10. HP: 79/84 MP: 14/14
 10750 | D:8      | Reached skill level 11 in Axes
 10947 | D:9      | Noticed Pikel
 10956 | D:9      | Killed Pikel
 11360 | D:9      | Reached skill level 5 in Evocations
 12383 | D:9      | Found a staircase to the Orcish Mines.
 12426 | D:9      | Slain by a komodo dragon

Illustrated notes

Levels and vault maps discovered:
D:1:      spicycebolla_green_bress_n_ham_2, layout_basic,
          ebering_ecumenical_altar_rust, hex_tiny
D:2:      layout_loops_ring, serial_shops, nicolae_shop_behind_doors,
          serial_bayou_crossing
D:3:      layout_loops_ring, uniq_grinder
D:4:      layout_loops_ring, mainiacjoe_overflow_alcove_4, temple_green,
          minmay_gold_behind_fungi, minmay_pentangle
D:5:      layout_loops_ring, mainiacjoe_overflow_surrounded_room
D:6:      layout_cave_pods, lemuel_coloured_pillars_altar, lemuel_tele_altar
D:7:      layout_loops_ring, mainiacjoe_overflow_brackets, old_standard_altar,
          serial_shops, shop_statue
D:8:      layout_loops_ring, mainiacjoe_overflow_alcove_2, serial_shops,
          shop_statue, st_stairs_3
D:9:      layout_stronghold, erik_lair_dragon, orc_0_dummy, serial_ice,
          serial_ice_f, serial_ice_a, serial_ice_b, serial_ice_e, uniq_pikel

Skill      XL: |  1  2  3  4  5  6  7  8  9 10 |
---------------+-------------------------------+-----
Fighting       | 4 5 6 7 |  7.3
Axes           | 3 6 7 9 10 11 | 11.8
Armour         | 4 5 6 7 8 |  8.5
Shields        | 4 5 |  5.2
Invocations    | 1 2 4 6 7 |  7.3
Evocations     | 1 3 4 5 |  5.2

Action                   |  1- 3 |  4- 6 |  7- 9 | 10-12 || total
-------------------------+-------+-------+-------+-------++-------
Melee: War axe           |   124 |   138 |   297 |       ||   559
       Broad axe         |       |       |    34 |    88 ||   122
Invok: Convert to Beogh  |       |     1 |       |       ||     1
  Use: Scroll            |     3 |       |    17 |       ||    20
       Potion            |       |       |       |     3 ||     3
Armor: Scale mail        |    36 |       |       |       ||    36
       Chain mail        |    41 |    81 |   215 |    46 ||   383
Dodge: Dodged            |    64 |    32 |   131 |    33 ||   260
Block: Buckler           |    39 |    32 |    80 |    27 ||   178

Table legend: (Time is in decaauts)
 A = Elapsed time spent in this place.
 B = Non-inter-level travel time spent in this place.
 C = Inter-level travel time spent in this place.
 D = Time resting spent in this place.
 E = Time spent auto-exploring this place.
 F = Levels seen in this place.
 G = Mean time per level.
                   A        B        C        D        E       F      G
               +--------+--------+--------+--------+--------+-----+--------+
         Total |  12573 |  12516 |     57 |   4320 |   6289 |   9 | 1397.0 |
       Dungeon |  12573 |  12516 |     57 |   4320 |   6289 |   9 | 1397.0 |
               +--------+--------+--------+--------+--------+-----+--------+

Top non-repeatable levels by time:
     D:8: 2252 daAuts
     D:5: 1858 daAuts
     D:6: 1818 daAuts
     D:9: 1574 daAuts
     D:2: 1215 daAuts
     D:4: 1110 daAuts
     D:1: 1048 daAuts
     D:3: 990 daAuts
     D:7: 705 daAuts
